 Dungeon Crawl Stone Soup version 0.29.1-1-gd02db6906a (webtiles) character file.

Game seed: 2352410339337355058

258 Icepheonix32 the Shooter (level 5, -11/26 HPs)
             Began as a Spriggan Hunter on Sept 18, 2022.
             Killed by divine providence
             ... invoked by an orc priest
              (12 damage)
             ... on level 4 of the Dungeon.
             The game lasted 00:05:44 (3945 turns).

Icepheonix32 the Shooter (Spriggan Hunter)          Turns: 3945, Time: 00:05:44

Health: -11/26     AC:  3    Str:  7    XL:     5   Next: 94%
Magic:  6/6        EV: 19    Int: 11    God:
Gold:   195        SH:  0    Dex: 26    Spells: 4/4 levels left

rFire   . . .      SeeInvis +   a - +0 shortbow
rCold   . . .      Faith    .   (shield currently unavailable)
rNeg    . . .      Spirit   .   c - +0 robe
rPois   .          Reflect  .   (helmet restricted)
rElec   .          Harm     .   s - +0 cloak
rCorr   .          Rampage  .   (gloves unavailable)
Will    .....                   (boots unavailable)
Stlth   +++.......              (no amulet)
HPRegen 0.08/turn               p - +6 ring of dexterity
MPRegen 0.10/turn               (no ring)

@: very quick
A: very small, no large weapons, unfitting armour, see invisible, speed 3
a: no special abilities


You were on level 4 of the Dungeon.
You visited 1 branch of the dungeon, and saw 4 of its levels.

You collected 195 gold pieces.

Inventory:

Hand Weapons
 a - a +0 shortbow (weapon)
 j - a +0 arbalest
Armour
 c - a +0 robe (worn)
 s - a +0 cloak (worn)
Jewellery
 d - an amulet of guardian spirit
 p - a +6 ring of dexterity (left hand)
Wands
 l - a wand of paralysis (8)
 n - a wand of quicksilver (11)
Scrolls
 b - a scroll of immolation
 h - 2 scrolls of identify {unknown}
 i - 2 scrolls of amnesia {unknown}
 m - a scroll of butterflies {unknown}
 o - a scroll of fear {unknown}
 q - a scroll of poison {unknown}
 r - a scroll of magic mapping {unknown}
Potions
 e - a potion of lignification {unknown}
 f - a potion of berserk rage {unknown}
 g - a potion of cancellation {unknown}
 k - a potion of might {unknown}
 t - a potion of heal wounds {unknown}


   Skills:
 + Level 2.0 Fighting
 * Level 6.8 Ranged Weapons
 * Level 3.3 Dodging
 + Level 1.6 Stealth
 * Level 0.7 Evocations


You had 4 spell levels left.
You didn't know any spells.
Your spell library contained the following spells:

 Spells                   Type           Power      Damage    Failure   Level
 Static Discharge         Conj/Air       0%         3-3/arc   47%         2
 Lightning Bolt           Conj/Air       0%         1d11      100%        5
 Maxwell's Capacitive Co  Air            0%         ∞         100%        8


Dungeon Overview and Level Annotations

Branches:
Dungeon (4/15)
 Temple: D:4-7

Altars:

Shops:
D:1 [


Innate Abilities, Weirdness & Mutations

You are very small and have problems with some larger weapons.
You are too small for most types of armour.
You have supernaturally acute eyesight. (SInv)
You cover ground extremely quickly. (Speed+++)


Message History

The orc priest looks braver for a moment.
You shoot an arrow.
The arrow closely misses the orc priest.
The orc shouts!
The orc wizard gestures wildly while chanting.
The orc wizard flickers and vanishes for a moment.
The orc priest invokes the aid of Beogh against you.
Beogh smites you!
Ouch! That really hurt!
The orc misses you. The orc barely misses you.
The orc priest mumbles some strange prayers to Beogh against you.
You resist with significant effort.
You are too injured to fight recklessly!
You are too injured to fight recklessly!
Fire: a) +0 shortbow
Press: ? - help, Q - select action, (/) - cycle Shift-Dir - straight line, f/p - orc priest
Aim: an orc priest, wielding a +0 whip and wearing a +0 ring mail (severely wounded, 72% to hit)
You shoot an arrow. The arrow barely misses the orc priest.
The arrow hits the orc!
You kill the orc!
The orc priest invokes the aid of Beogh against you.
Beogh smites you!
* * * LOW HITPOINT WARNING * * *
Fire: a) +0 shortbow
Press: ? - help, Q - select action, (/) - cycle Shift-Dir - straight line, f/p - orc priest
Aim: an orc priest, wielding a +0 whip and wearing a +0 ring mail (severely wounded, 72% to hit)
You shoot an arrow.
The arrow hits the orc priest but does no damage.
The orc priest is severely wounded.
Unknown command.
Fire: a) +0 shortbow
Press: ? - help, Q - select action, (/) - cycle Shift-Dir - straight line, f/p - orc priest
Aim: an orc priest, wielding a +0 whip and wearing a +0 ring mail (severely wounded, 72% to hit)
You shoot an arrow.
The arrow closely misses the orc priest.
The arrow hits the orc wizard!
The orc wizard is severely wounded.
The orc priest mumbles some strange prayers to Beogh against you.
Beogh smites you!
You die...

#..# ... #..# . #..#
# #..# #.##.o######
#........o.. #..#
#..##########
#..o)o.o.@..#######.
##.########.........
#.# #..####### #.#
#..# #.# #..# #.#
#..# ..# #.†# .##
#..# #####..####


You could see an orc priest, an orc wizard (invisible) and an orc.

Vanquished Creatures
  A gnoll bouda (D:3)
  An iguana (D:3)
  An orc wizard (D:3)
  8 gnolls (D:3)
  2 adders (D:2)
  2 worms
  3 dart slugs
  4 orcs
  4 bats
  3 endoplasms (D:1)
  A giant cockroach (D:4)
  9 goblins
  6 hobgoblins
  3 jackals (D:1)
  6 kobolds
  A quokka (D:3)
  8 ball pythons
  3 frilled lizards
  4 rats
70 creatures vanquished.

Notes
Turn   | Place    | Note
-------+----------+-------------------------------------------
     0 | D:1      | Icepheonix32 the Spriggan Hunter began the quest for the
                  | Orb.
     0 | D:1      | Reached XP level 1. HP: 10/10 MP: 2/2
   159 | D:1      | Found Vism's Antique Armour Shop.
   224 | D:1      | Reached XP level 2. HP: 14/14 MP: 3/3
  1041 | D:2      | You fall into a shaft and drop 2 floors!
  1133 | D:3      | Found a faded altar of an unknown god.
  1138 | D:3      | Reached XP level 3. HP: 18/18 MP: 4/4
  1158 | D:3      | Reached skill level 5 in Ranged Weapons
  1506 | D:3      | Reached XP level 4. HP: 23/23 MP: 5/5
  1836 | D:3      | Reached skill level 6 in Ranged Weapons
  1836 | D:3      | Reached XP level 5. HP: 26/26 MP: 6/6
  3554 | D:4      | Noticed an ogre
  3943 | D:4      | HP: 1/26 [orc priest/divine providence (11)]
  3945 | D:4      | Killed from afar by an orc priest

Illustrated notes

Levels and vault maps discovered:
D:1:      lightli_arrival_isolated_outpost, layout_basic, serial_shops,
          shop_fountains
D:2:      layout_loops_cross
D:3:      layout_basic, ebering_ecumenical_altar_webs
D:4:      layout_loops_ring, uniq_menkaure

Skill      XL: |  1  2  3  4  5 |
---------------+----------------+-----
Dodging        | 3 |  3.3
Ranged Weapons | 5 6 |  6.8
Fighting       | 2 |  2.0
Stealth        | |  1.6
Evocations     | |  0.7

Action                   |  1- 3 |  4- 6 || total
-------------------------+-------+-------++-------
 Fire: Shortbow          |    84 |   138 ||   222
  Use: Scroll            |       |     1 ||     1
Armor: Robe              |     1 |     1 ||     2
Dodge: Dodged            |    17 |    31 ||    48
